 Dungeon Crawl Stone Soup version 0.30-a0-1160-g6e42c06551 (webtiles) character file.

Game seed: 15828535674370161858

8 Dordric the Shooter (level 2, 0/16 HPs)
             Began as a Deep Elf Hunter on Apr 26, 2023.
             Slain by a hobgoblin (4 damage)
             ... on level 1 of the Dungeon.
             The game lasted 00:00:11 (56 turns).

Dordric the Shooter (Deep Elf Hunter)                 Turns: 56, Time: 00:00:11

Health: 0/16       AC:  3    Str:  8    XL:     2   Next: 0%
Magic:  4/4        EV: 12    Int: 13    God:
Gold:   3          SH:  0    Dex: 18    Spells: 1/1 levels left

rFire   . . .        a - +0 shortbow
rCold   . . .        (shield currently unavailable)
rNeg    . . .        c - +0 leather armour
rPois   .            (no helmet)
rElec   .            (no cloak)
rCorr   .            (no gloves)
SInv    .            (no boots)
Will    .....        (no amulet)
Stlth   ++           (no ring)
HPRegen 0.22/turn    (no ring)
MPRegen 0.09/turn

%: no passive effects
@: no status effects
A: no striking features
a: no special abilities


You were on level 1 of the Dungeon.
You visited 1 branch of the dungeon, and saw 1 of its levels.

You collected 3 gold pieces.

Inventory:

Hand Weapons
 a - a +0 shortbow (weapon)
Armour
 c - a +0 leather armour (worn)
Scrolls
 b - a scroll of immolation
 d - a scroll of teleportation {unknown}


   Skills:
 - Level 1.5 Fighting
 + Level 5.9 Ranged Weapons
 - Level 2.4 Dodging
 - Level 1.2 Stealth


You had one spell level left.
You didn't know any spells.
Your spell library was empty.

Dungeon Overview and Level Annotations

Branches:
Dungeon (1/15)

Altars:


Message History

A hobgoblin comes into view.
You shoot an arrow. The arrow closely misses the kobold.
The kobold misses you.
You shoot an arrow. The arrow hits the kobold!
You kill the kobold!
The ball python bites you. The ball python grabs you.
The ball python constricts you.
You shoot an arrow. The arrow hits the ball python!
You kill the ball python!
The ball python bites you. The ball python barely misses you.
You are too injured to fight recklessly!
You are too injured to fight recklessly!
You are too injured to fight recklessly!
You are too injured to fight recklessly!
You are too injured to fight recklessly!
You are too injured to fight recklessly!
A ball python is nearby!
A ball python is nearby!
You are too injured to fight recklessly!
The ball python attacks as you move away!
The ball python bites you but does no damage.
The ball python bites you.
* * * LOW HITPOINT WARNING * * *
The ball python closely misses you.
You see here a +0 club.
You are too injured to fight recklessly!
You shoot an arrow.
The arrow closely misses the ball python.
The ball python bites you.
* * * LOW HITPOINT WARNING * * *
The ball python closely misses you.
You shoot an arrow. The arrow hits the ball python.
You kill the ball python!
You have reached level 2!
You are too injured to fight recklessly!
Fire: a) +0 shortbow
Press: ? - help, Q - select action Shift-Dir - straight line, f - hobgoblin
Aim: a hobgoblin (63% to hit)
You shoot an arrow. The arrow closely misses the hobgoblin.
The hobgoblin hits you.
You die...

#.# #'###+# #.#
#.##.# ##.## #...#
##...#### ##.####
.... ..# ##...# #
... #.## ##.##.#
.###.##.# #.###.## #
........#######.#.##
#.))g@...[>..##
#...############ ##.
#. .. .. .


You could see a hobgoblin.

Vanquished Creatures
  A dart slug (D:1)
  A goblin (D:1)
  2 kobolds (D:1)
  2 ball pythons (D:1)
6 creatures vanquished.

Notes
Turn   | Place    | Note
-------+----------+-------------------------------------------
     0 | D:1      | Dordric the Deep Elf Hunter began the quest for the Orb.
     0 | D:1      | Reached XP level 1. HP: 12/12 MP: 3/3
    56 | D:1      | Reached XP level 2. HP: 4/16 MP: 4/4
    56 | D:1      | Slain by a hobgoblin

Illustrated notes

Levels and vault maps discovered:
D:1:      tarquinn_simple_flora_water_d, layout_loops_ring,
          minmay_misc_feat_four_crosses

Action                     || total
---------------------------++-------
   Fire: Shortbow          ||    18
 Armour: Leather armour    ||     4
  Dodge: Dodged            ||     4

Table legend: (Time is in decaauts)
 A = Elapsed time spent in this place.
 B = Non-inter-level travel time spent in this place.
 C = Inter-level travel time spent in this place.
 D = Time resting spent in this place.
 E = Time spent auto-exploring this place.
 F = Levels seen in this place.
 G = Mean time per level.
                   A        B        C        D        E       F      G
               +--------+--------+--------+--------+--------+-----+--------+
         Total |     60 |     60 |      0 |      0 |     33 |   1 |   60.0 |
       Dungeon |     60 |     60 |      0 |      0 |     33 |   1 |   60.0 |
               +--------+--------+--------+--------+--------+-----+--------+

Top non-repeatable levels by time:
     D:1: 60 daAuts
